 Dungeon Crawl Stone Soup version 0.29-a0-872-g797fff5ad1 (webtiles) character file.

Game seed: 2489127292467973478

740 lesbiats the Conjurer (level 7, -2/59 HPs)
             Began as a White Draconian Conjurer on July 17, 2022.
             Was an Initiate of Vehumet.
             Slain by a gnoll
             ... wielding a +0 flail
             ... led by a gnoll sergeant
              (10 damage)
             ... on level 5 of the Dungeon on July 18, 2022.
             The game lasted 00:26:39 (5327 turns).

lesbiats the Conjurer (White Draconian Conjurer)    Turns: 5327, Time: 00:26:39

Health: -2/59      AC: 10    Str:  9    XL:     7   Next: 46%
Magic:  22/22      EV: 15    Int: 20    God:    Vehumet [......]
Gold:   198        SH:  4    Dex: 10    Spells: 11/14 levels left

rFire   . . .      SeeInvis .   a - +3 rapier (venom)
rCold   + . .      Faith    .   e - +1 buckler {AC+3}
rNeg    . . .      Spirit   .   (body armour unavailable)
rPois   +          Reflect  .   (helmet restricted)
rElec   .          Harm     .   u - +0 cloak {rPois}
rCorr   .          Rampage  .   (no gloves)
Will    .....                   (no boots)
Stlth   ++........              v - amulet of magic regeneration
HPRegen 0.19/turn               q - ring of magical power
MPRegen 0.58/turn               g - +4 ring of evasion

@: short of breath
A: breathe frost, AC +6, unfitting armour, cold resistance 1, cold-blooded
a: Breathe Frost, Renounce Religion


You were on level 5 of the Dungeon.
You worshipped Vehumet.
Vehumet was noncommittal.
You visited 2 branches of the dungeon, and saw 6 of its levels.

You collected 198 gold pieces.

Inventory:

Hand Weapons
 a - a +3 rapier of venom (weapon)
 b - a +2 falchion of holy wrath
Missiles
 d - 3 javelins
 p - 3 boomerangs
 C - 3 poisoned darts
Armour
 e - a +1 buckler of protection (worn)
 u - a +0 cloak of poison resistance (worn)
Jewellery
 c - a ring of see invisible
 g - a +4 ring of evasion (right hand)
 q - a ring of magical power (left hand)
 v - an amulet of magic regeneration (around neck)
 B - an amulet of regeneration
Wands
 o - a wand of digging (5)
 r - a wand of flame (13)
 D - a wand of iceblast (10)
Scrolls
 l - a scroll of teleportation {unknown}
 w - a scroll of blinking {unknown}
 x - a scroll of torment {unknown}
 y - a scroll of summoning {unknown}
 A - a scroll of enchant armour {unknown}
 E - a scroll of amnesia {unknown}
Potions
 h - a potion of flight
 i - 2 potions of brilliance
 j - a potion of heal wounds {unknown}
 k - 2 potions of degeneration
 m - a potion of invisibility {unknown}
 n - a potion of ambrosia {unknown}
 s - a potion of berserk rage {unknown}
 t - 3 potions of magic
 z - a potion of cancellation {unknown}


   Skills:
 + Level 4.3 Fighting
 - Level 1.7 Dodging
 - Level 1.7 Stealth
 + Level 4.2 Spellcasting
 * Level 7.1 Conjurations


You had 11 spell levels left.
You knew the following spells:

 Your Spells              Type           Power      Damage    Failure   Level
a - Magic Dart            Conj           100%       1d8       1%          1
b - Searing Ray           Conj           64%        2d6       1%          2

Your spell library contained the following spells:

 Spells                   Type           Power      Damage    Failure   Level
 Dazzling Flash           Conj/Hex       36%        N/A       12%         3
 Freeze                   Ice            16%        1d4       17%         1
 Ensorcelled Hibernation  Hex/Ice        8%         N/A       26%         2
 Passwall                 Tmut/Erth      3%         N/A       26%         2
 Fulminant Prism          Conj/Hex       9%         3d7       36%         4
 Iskenderun's Mystic Bla  Conj/Tloc      18%        2d6       36%         4
 Confusing Touch          Hex            4%         N/A       45%         3
 Swiftness                Air            4%         N/A       45%         3
 Animate Dead             Necr           4%         N/A       86%         4
 Yara's Violent Unravell  Hex/Tmut       2%         3d3       99%         5
 Enfeeble                 Hex            2%         N/A       100%        7
 Haunt                    Necr/Summ      2%         N/A       100%        7
 Discord                  Hex            2%         N/A       100%        8
 Infestation              Necr           2%         N/A       100%        8


Dungeon Overview and Level Annotations

Branches:
Dungeon (5/15)             Temple (1/1) D:5

Altars:
Dithmenos
Elyvilon
Fedhas
Gozag
Hepliaklqana
Kikubaaqudgha
Makhleb
Okawaru
Qazlal
Ru
Sif Muna
Uskayaw
Vehumet
Xom
Yredelemnul
Zin
The Shining One

Annotations:
D:5 Menkaure


Innate Abilities, Weirdness & Mutations

You can breathe waves of freezing cold which knock back foes.
Your icy white scales are hard. (AC +6)
You cannot fit into any form of body armour.
Your flesh is cold resistant. (rC+)
You are cold-blooded and may be slowed by cold attacks.


Message History

The gnoll convulses!
Your body is wracked with pain!
The gnoll convulses!
The gnoll completely misses you. The gnoll misses you.
The gnoll sergeant completely misses you.
You hit the gnoll.
You kill the gnoll!
Vehumet accepts your kill. The gnoll closely misses you.
The gnoll sergeant closely misses you.
Aiming: Breathe Frost (5% risk of failure)
Press: ? - help, Shift-Dir - straight line, f - Menkaure
Aim: Menkaure (85% to hit)
You exhale a wave of freezing cold.
The freezing breath hits Menkaure.
Menkaure resists.
Menkaure is lightly damaged.
Menkaure is blown backwards by the freezing wind.
The gnoll sergeant hits you from afar with a +0 spear.
The gnoll closely misses you.
Menkaure mumbles, "It doesn't hurt if you pull your brain out of your nose yourself."
The gnoll hits you with a +0 flail. You block the gnoll sergeant's attack.
Things that are here:
a +0 flail; a gnoll corpse You feel better.
The gnoll hits you but does no damage.
The gnoll sergeant hits you from afar with a +0 spear.
Menkaure casts a spell at you. Pain shoots through your body!
* * * LOW HITPOINT WARNING * * *
Menkaure mumbles some strange words.
Menkaure seems to speed up.
The gnoll attacks as you move away! The gnoll hits you but does no damage.
The gnoll attacks as you move away! You block the gnoll's attack.
Okay, then.
The gnoll attacks as you move away! The gnoll barely misses you.
The gnoll attacks as you move away! The gnoll hits you with a +0 flail.
* * * LOW HITPOINT WARNING * * *
You feel better. The gnoll hits you with a +0 flail!
* * * LOW HITPOINT WARNING * * *
You closely miss the gnoll.
You tail-slap the gnoll, but do no damage.
The gnoll is moderately wounded.
The gnoll hits you with a +0 flail!
You die...

#####
###################.#.#######
...........#........#.......#
.#########.#.######.#.#####.#
.#########.#........#.#...#.#
g#.......#............#.....#
.#.#####.#................#######
g#............Mg@................
.##.#.##.#....########...........
###.#.#.....#........#.#######...
gg..#.#..#...#.......#.##.......<
#...#.#.g........#####.#.>####...
#.#.#.#.##..##.#.#.)......# #...
..M...g.........).)..)....# ####
..#.#.#.)......#.#.###.#.######..
#......................#........#


You could see Menkaure (fast) and a gnoll.

Vanquished Creatures
  Eustachio (D:4)
  2 scorpions
  A howler monkey (D:4)
  An orc priest (D:2)
  Crazy Yiuf (D:2)
  A jelly (D:5)
  Jessica (D:2)
  An iguana (D:3)
  Natasha (thrice) (D:2)
  3 orc wizards
  A gnoll (D:5)
  3 adders
  A shadow imp (D:5)
  A worm (D:4)
  2 dart slugs
  19 orcs
  9 ball pythons
  5 bats
  6 endoplasms
  2 giant cockroaches
  6 goblins
  11 hobgoblins
  6 jackals
  A quokka (D:4)
  3 frilled lizards
  5 kobolds
  2 rats (D:2)
98 creatures vanquished.

Notes
Turn   | Place    | Note
-------+----------+-------------------------------------------
     0 | D:1      | lesbiats the Draconian Conjurer began the quest for the
                  | Orb.
     0 | D:1      | Reached XP level 1. HP: 14/14 MP: 3/3
    32 | D:1      | You fall into a shaft and drop 1 floor!
   199 | D:2      | Found a runed translucent door.
   232 | D:2      | Noticed Crazy Yiuf
   494 | D:1      | Reached XP level 2. HP: 22/22 MP: 1/5
   683 | D:1      | Reached skill level 1 in Fighting
   703 | D:1      | Learned a level 2 spell: Searing Ray
  1150 | D:2      | Reached XP level 3. HP: 28/28 MP: 4/6
  1493 | D:2      | Noticed Natasha
  1501 | D:2      | Killed Natasha
  1599 | D:2      | Found a faded altar of an unknown god.
  1632 | D:2      | Noticed Jessica
  1639 | D:2      | Killed Jessica
  1640 | D:2      | Reached skill level 5 in Conjurations
  1640 | D:2      | Reached XP level 4. HP: 36/36 MP: 5/8
  1832 | D:2      | Noticed Natasha
  1839 | D:2      | Killed Natasha
  2111 | D:2      | Noticed Natasha
  2118 | D:2      | Killed Natasha
  2303 | D:2      | Killed Crazy Yiuf
  2304 | D:2      | Reached XP level 5. HP: 42/42 MP: 9/9
  2779 | D:3      | Found an ancient bone altar of Kikubaaqudgha.
  2899 | D:3      | Reached XP level 6. HP: 51/51 MP: 11/11
  3065 | D:3      | Reached skill level 6 in Conjurations
  3678 | D:4      | Noticed Eustachio
  3691 | D:4      | Killed Eustachio
  3901 | D:4      | Your scales start taking on an icy white colour.
  3901 | D:4      | Reached XP level 7. HP: 55/58 MP: 12/12
  3901 | D:4      | Gained mutation: Your flesh is cold resistant. (rC+) [White
                  | Draconian growth]
  4007 | D:4      | Upgraded the game from 0.29-a0-870-g2c972031a6 to
                  | 0.29-a0-872-g797fff5ad1
  4465 | D:4      | Identified the +9 halberd "Fiuqe" {venom, rElec rC+ Will+
                  | Int-4 Dex+2}
  4631 | D:5      | Entered Level 5 of the Dungeon
  4680 | D:5      | Found a staircase to the Ecumenical Temple.
  4693 | Temple   | Entered the Ecumenical Temple
  4765 | Temple   | Became a worshipper of Vehumet
  4868 | D:5      | Reached skill level 7 in Conjurations
  4942 | D:5      | Got Sif Muna's Incunabulum of Ice and Execration
  5298 | D:5      | Noticed Menkaure
  5327 | D:5      | Slain by a gnoll

Illustrated notes

Levels and vault maps discovered:
D:1:      dpeg_arrival_round_a, layout_basic
D:2:      layout_loops_ring, nicolae_ecumenical_pavilion, serial_rivers,
          chequers_serial_rivers_small_b, chequers_serial_rivers_micro_e,
          chequers_serial_rivers_large_b, chequers_serial_rivers_micro_e,
          chequers_serial_rivers_large_a, chequers_serial_rivers_small_3,
          moated_statue, uniq_natasha, uniq_crazy_yiuf_cottage, uniq_jessica
D:3:      layout_loops_ring, overflow_temple_1_default, grunt_ministairs_7
D:4:      layout_basic, minivault_25, uniq_eustachio
D:5:      layout_basic, minmay_temple_entry_waves,
          chequers_serial_rivers_room_a, uniq_edmund, uniq_menkaure
Temple:   regret_index_temple_mists

Skill      XL: |  1  2  3  4  5  6  7 |
---------------+----------------------+-----
Fighting       | 1 2 3 4 |  4.3
Conjurations   | 5 6 7 |  7.1
Spellcasting   | 3 4 |  4.2
Dodging        | |  1.7
Stealth        | |  1.7

Action                   |  1- 3 |  4- 6 |  7- 9 || total
-------------------------+-------+-------+-------++-------
Melee: Unarmed           |     7 |       |       ||     7
       Tailslap          |     1 |     2 |     5 ||     8
       Quarterstaff      |       |    29 |       ||    29
       Rapier            |       |     8 |    41 ||    49
 Cast: Magic Dart        |    58 |    72 |    16 ||   146
       Searing Ray       |     1 |     4 |     7 ||    12
 Abil: Breathe Frost     |       |       |     2 ||     2
  Use: Scroll            |       |     4 |       ||     4
       Potion            |       |       |     2 ||     2
Armor: Skin              |     5 |    13 |    14 ||    32
Dodge: Dodged            |    11 |    44 |    43 ||    98
Block: Buckler           |       |     3 |    10 ||    13

Table legend: (Time is in decaauts)
 A = Elapsed time spent in this place.
 B = Non-inter-level travel time spent in this place.
 C = Inter-level travel time spent in this place.
 D = Time resting spent in this place.
 E = Time spent auto-exploring this place.
 F = Levels seen in this place.
 G = Mean time per level.
                   A        B        C        D        E       F      G
               +--------+--------+--------+--------+--------+-----+--------+
         Total |   5409 |   4929 |    480 |   1300 |   2816 |   6 |  901.5 |
       Dungeon |   5295 |   4842 |    453 |   1300 |   2742 |   5 | 1059.0 |
        Temple |    114 |     87 |     27 |      0 |     73 |   1 |  114.0 |
               +--------+--------+--------+--------+--------+-----+--------+

Top non-repeatable levels by time:
     D:2: 1811 daAuts
     D:4: 1137 daAuts
     D:3: 954 daAuts
     D:1: 778 daAuts
     D:5: 614 daAuts
  Temple: 114 daAuts
